 Dungeon Crawl Stone Soup version 0.29-a0-330-g52719c12eb (webtiles) character file.

Game seed: 6447048463627424074

15761 Charly the Spear-Bearer (level 12, -10/97 HPs)
             Began as a Demonspawn Wanderer on May 7, 2022.
             Was a High Priest of Nemelex Xobeh.
             Mangled by a spriggan rider
             ... wielding a +1 trident of flaming
              (104 damage)
             ... on level 1 of the Lair of Beasts.
             The game lasted 00:47:54 (12971 turns).

Charly the Spear-Bearer (Demonspawn Wanderer)      Turns: 12971, Time: 00:47:55

Health: -10/97     AC: 22    Str: 19      XL:     12   Next: 4%
Magic:  19/19      EV:  2    Int: 11      God:    Nemelex Xobeh [*****.]
Gold:   536        SH:  0    Dex: 19 (20) Spells: 11/11 levels left

rFire   . . .      SeeInvis .   a - +9 spear "Aguigapu" {flame, Str+3}
rCold   . . .      Faith    +   c - +1 buckler
rNeg    . . .      Spirit   .   t - +2 shadow dragon scales
rPois   .          Reflect  .   (no helmet)
rElec   .          Harm     .   b - scarf {repulsion}
rCorr   .          Rampage  .   A - +2 pair of gloves {Dex+3}
Will    .....                   D - +0 pair of boots
Stlth   +++.......              l - amulet of faith
HPRegen 0.26/turn               (no ring)
MPRegen 0.16/turn               (no ring)

@: sleeping, repel missiles
A: yellow scales 1, powered by pain 2, spiny 1, weakness stinger 2,
deterioration 1
a: Renounce Religion, Draw Escape, Draw Destruction, Draw Summoning, Triple
Draw, Deal Four, Stack Five


You were on level 1 of the Lair of Beasts.
You worshipped Nemelex Xobeh.
Nemelex Xobeh was extremely pleased with you.
You visited 2 branches of the dungeon, and saw 12 of its levels.
You also visited: Sewer and Bailey.

You collected 857 gold pieces.
You spent 321 gold pieces at shops.

Inventory:

Hand Weapons
 a - the +9 spear "Aguigapu" (weapon) {flame, Str+3}
   (You found it on level 2 of the Dungeon)

   It burns those it strikes, dealing additional fire damage.
   Str:       It affects your strength (+3).
 s - a +1 bardiche
Missiles
 y - 12 curare-tipped darts
 J - 2 throwing nets (quivered)
Armour
 b - a scarf of repulsion (worn)
 c - a +1 buckler (worn)
 t - +2 shadow dragon scales (worn)
 v - a +2 ring mail of fire resistance
 A - a +2 pair of gloves of dexterity (worn)
 D - a +0 pair of boots (worn)
Jewellery
 l - an amulet of faith (around neck)
Wands
 e - a wand of digging (4)
 i - a wand of polymorph (15)
 o - a wand of iceblast (16)
Scrolls
 d - 6 scrolls of fog
 g - 3 scrolls of vulnerability
 h - a scroll of summoning
 j - 2 scrolls of blinking
 m - a scroll of fear
 u - 3 scrolls of immolation
 C - 5 scrolls of teleportation
 K - 4 scrolls of enchant weapon
Potions
 f - 7 potions of curing
 k - 3 potions of heal wounds
 n - 2 potions of invisibility
 q - 2 potions of mutation
 r - 5 potions of attraction
 w - 4 potions of haste
 x - a potion of ambrosia
 z - a potion of resistance
 B - a potion of cancellation
 E - 2 potions of might
 F - 3 potions of lignification


   Skills:
 + Level 9.7 Fighting
 - Level 2.6(8.0) Axes
 - Level 11.8(12.0) Polearms
 + Level 5.4 Armour
 + Level 2.7 Dodging
 - Level 2.8 Stealth
 - Level 1.0 Shields
 - Level 1.0 Unarmed Combat
 + Level 9.8 Invocations
 - Level 5.0 Evocations


You had 11 spell levels left.
You didn't know any spells.
Your spell library contained the following spells:

 Spells                   Type           Power      Damage    Failure   Level
 Beastly Appendage        Tmut           0%         N/A       99%         1
 Magic Dart               Conj           0%         1d3       99%         1
 Call Imp                 Summ           0%         N/A       100%        2
 Ensorcelled Hibernation  Hex/Ice        0%         N/A       100%        2
 Passwall                 Tmut/Erth      0%         N/A       100%        2
 Sublimation of Blood     Necr           0%         N/A       100%        2
 Wereblood                Tmut           0%         N/A       100%        2
 Mephitic Cloud           Conj/Pois/Air  0%         N/A       100%        3
 Spider Form              Tmut/Pois      0%         N/A       100%        3
 Swiftness                Air            0%         N/A       100%        3
 Petrify                  Tmut/Erth      0%         N/A       100%        4
 Irradiate                Conj/Tmut      0%         3d13      100%        5


Dungeon Overview and Level Annotations

Branches:
Dungeon (11/15)            Temple (0/1) D:7            Lair (1/6) D:8
  Sewer (visited)          Bailey (visited)
    Orc: D:9-12

Altars:
Dithmenos
Elyvilon
Nemelex Xobeh
Qazlal
Ru
Trog
Wu Jian
Yredelemnul

Shops:
D:3 (

Annotations:
Lair:1 1 transporter, Ajdolov's ghost, novice FeEn


Innate Abilities, Weirdness & Mutations

You are partially covered in yellow scales. (AC +2)
You sometimes gain power by taking damage.
You are partially covered in sharp spines.
You have a tail ending in a sharp stinger.
Your body sometimes deteriorates upon taking damage.


Message History

j - a scroll of blinking
u - 3 scrolls of immolation (gained 1)
There is a stone staircase leading down here.
There is a shaft here.
The spriggan rider shouts! x2; The spriggan shouts!
You hear a shout!
There is a transporter landing site here.
Ajdolov's ghost turns its malevolent gaze towards you.
Found a hand axe.
j - 2 scrolls of blinking (gained 1)
There is a stone staircase leading down here.
There is a stone staircase leading down here.
There is a shaft here.
The moth of wrath's fur bristles in rage as it notices you.
The spriggan rider shouts!
Ajdolov's ghost turns its malevolent gaze towards you.
The moth of wrath's fur bristles in rage as it notices you.
The spriggan rider shouts!
You hear a shout!
The spriggan shouts!
There is a transporter here.
Partly explored, unvisited transporter.
Ajdolov's ghost turns its malevolent gaze towards you.
You hear a shout!
There is a transporter here.
Okay, then.
You enter the transporter and appear at another place.
The spriggan shouts!
The spriggan rider shouts!
The spriggan shouts!
The spriggan rider throws a poisoned dart.
The poisoned dart closely misses you.
The moth of wrath's fur bristles in rage as it notices you.
You draw a card...
You have drawn the Pentagram.
The moth of wrath goads the spriggan rider on!
The spriggan rider goes berserk!
The spriggan hits you with a +1 rapier of venom.
Ajdolov's ghost casts a spell at you.
You fall asleep.
The spriggan rider hits you from afar with a +1 trident of flaming!!!!
Ouch! That really hurt!
You die...
Your body disappears without a glow.

..P# #.###.P.##.......###.####
#.## ##........................
#.######P.#.###....#####.........
#.........####...###.©.###.......
#..#####...##...##...W.####......
P.## ##.##.#..#....###..#......
..# #.###..##3...#§#.i##.....
#.### ###.>^...#..i.iy.#.y.#...|.
..#.###P#.###.©#@i##._?....#©..##
..........# #..#.R# ..§##..#..###
#.#####.#.# #..##.###.# ####.###.
#.# ##..# ##..##...i### #..P###
#.# ##.# #..##..y...###..#### ..#
#.# ##..###..i###....... ..# #.#
###....#####....###.#
..#######.###.#............## #.#
...........(...........).### #.#


You could see a spriggan rider (berserk), a moth of wrath, 2 spriggans,
Ajdolov's ghost, a friendly rakshasa (summoned) and a friendly ynoxinul
(summoned).

Vanquished Creatures
  A hydra (D:11)
  Pikel (D:8)
  An orc knight (Bailey)
  A shining eye (D:10)
  A black mamba (Lair:1)
  Joseph (D:9)
  A cane toad (Lair:1)
  A gargoyle (D:10)
  Maggie (D:9)
  A komodo dragon (Lair:1)
  A hornet (D:9)
  23 yaks
  3 wyverns
  A basilisk (D:8)
  A steam dragon (D:9)
  8 vampire mosquitoes
  7 water moccasins
  Pargi (Sewer)
  An ogre (D:4)
  8 orc warriors
  2 black bears
  4 ice beasts
  5 centaurs
  2 lemures (D:8)
  A phantom (D:6)
  5 kobold brigands
  6 bullfrogs
  A necrophage (D:5)
  4 scorpions
  4 gnoll sergeants
  3 wights (D:9)
  3 killer bees (D:9)
  A howler monkey (D:10)
  4 hounds
  5 jellies
  A gnoll shaman (D:7)
  6 orc priests
  Terence (D:3)
  3 iguanas (D:5)
  4 orc wizards
  7 adders
  21 gnolls
  2 shadow imps
  4 white imps
  2 ufetubi (D:6)
  3 dart slugs
  28 orcs
  6 ball pythons
  7 endoplasms
  7 giant cockroaches
  16 goblins
  7 hobgoblins
  34 kobolds
  7 quokkas
  8 bats
  3 frilled lizards
  7 rats
298 creatures vanquished.

Vanquished Creatures (collateral kills)
  5 yaks (D:8)
  A wraith (D:11)
  2 vampire mosquitoes (D:11)
  A black bear (D:8)
  4 wights
  4 orcs (D:8)
17 creatures vanquished.

Vanquished Creatures (others)
  2 fungi (Lair:1)
  12 plants
14 creatures vanquished.

Grand Total: 329 creatures vanquished

Notes
Turn   | Place    | Note
-------+----------+-------------------------------------------
     0 | D:1      | Charly the Demonspawn Wanderer began the quest for the Orb.
     0 | D:1      | Charly set off with the following items: a +2 hand axe, a
                  | potion of attraction, a +0 buckler, a scroll of fog, a +0
                  | robe
     0 | D:1      | Reached XP level 1. HP: 15/15 MP: 1/1
   802 | D:1      | Gained mutation: You are partially covered in sharp spines.
                  | [demonic ancestry]
   802 | D:1      | Reached XP level 2. HP: 21/21 MP: 2/2
  1092 | D:1      | Reached XP level 3. HP: 26/27 MP: 3/3
  1975 | D:2      | Reached XP level 4. HP: 29/34 MP: 4/4
  1982 | D:2      | Identified the +9 spear "Aguigapu" {flame, Str+3}
  2464 | D:3      | Reached skill level 1 in Polearms
  2571 | D:3      | Found a shadowy altar of Dithmenos.
  2812 | D:3      | Reached skill level 2 in Polearms
  2812 | D:3      | Reached XP level 5. HP: 41/41 MP: 5/5
  3047 | D:3      | Noticed Terence
  3054 | D:3      | Killed Terence
  3055 | D:3      | Reached skill level 3 in Polearms
  3208 | D:3      | Found Jykum's Weapon Shop.
  3214 | D:3      | Bought 3 curare-tipped darts for 25 gold pieces
  3255 | D:3      | Found a faded altar of an unknown god.
  3671 | D:4      | Gained mutation: You sometimes gain a little power by
                  | taking damage. [demonic ancestry]
  3671 | D:4      | Reached XP level 6. HP: 48/48 MP: 6/6
  3822 | D:4      | Reached skill level 4 in Polearms
  3956 | D:4      | 1st
  4326 | D:5      | Entered Level 5 of the Dungeon
  4336 | D:5      | Gained mutation: You have a small tail. [demonic ancestry]
  4336 | D:5      | Reached XP level 7. HP: 54/55 MP: 7/7
  4359 | D:5      | Found a bloodstained altar of Trog.
  4693 | D:5      | Reached skill level 5 in Polearms
  4757 | D:5      | Found a glowing drain.
  4767 | Sewer    | Entered a sewer
  4842 | Sewer    | Noticed Pargi
  4851 | Sewer    | Killed Pargi
  4852 | Sewer    | Reached skill level 5 in Fighting
  5083 | D:5      | Found a sacrificial altar of Ru.
  5451 | D:6      | Gained mutation: You sometimes gain power by taking damage.
                  | [demonic ancestry]
  5451 | D:6      | Reached XP level 8. HP: 62/62 MP: 8/8
  5525 | D:6      | Reached skill level 6 in Polearms
  5769 | D:6      | Found a sparkling altar of Nemelex Xobeh.
  5774 | D:6      | Became a worshipper of Nemelex Xobeh the Trickster
  5912 | D:6      | Reached skill level 7 in Polearms
  5912 | D:6      | Reached skill level 1 in Invocations
  6539 | D:7      | Reached * piety under Nemelex Xobeh
  6558 | D:7      | Reached XP level 9. HP: 70/70 MP: 10/10
  6617 | D:7      | Found a staircase to the Ecumenical Temple.
  6851 | D:7      | Received a gift from Nemelex Xobeh
  7078 | D:7      | Found Vogren's Magic Scroll Shoppe.
  7084 | D:7      | Bought a scroll of identify for 22 gold pieces
  7084 | D:7      | Bought a scroll of fog for 22 gold pieces
  7084 | D:7      | Bought a scroll of identify for 22 gold pieces
  7084 | D:7      | Bought a scroll of vulnerability for 82 gold pieces
  7084 | D:7      | Bought a scroll of teleportation for 33 gold pieces
  7084 | D:7      | Bought a scroll of identify for 22 gold pieces
  7084 | D:7      | Bought a scroll of fog for 22 gold pieces
  7084 | D:7      | Bought a scroll of immolation for 38 gold pieces
  7084 | D:7      | Bought a scroll of teleportation for 33 gold pieces
  7173 | D:8      | Found a basalt altar of Yredelemnul.
  7313 | D:8      | Reached ** piety under Nemelex Xobeh
  7341 | D:8      | Reached skill level 8 in Polearms
  7341 | D:8      | Reached skill level 5 in Evocations
  7352 | D:8      | Reached skill level 5 in Invocations
  7400 | D:8      | Found a flagged portal.
  7409 | Bailey   | Entered a bailey
  7669 | Bailey   | Noticed an orc knight
  7687 | Bailey   | Killed an orc knight
  7688 | Bailey   | Reached skill level 9 in Polearms
  7688 | Bailey   | Reached XP level 10. HP: 79/79 MP: 14/14
  8013 | D:8      | Noticed Pikel
  8030 | D:8      | Killed Pikel
  8290 | D:8      | Reached skill level 10 in Polearms
  8468 | D:8      | Found a staircase to the Lair.
  8942 | D:9      | Gained mutation: You have a tail ending in a sharp stinger.
                  | [demonic ancestry]
  8942 | D:9      | Reached XP level 11. HP: 56/87 MP: 16/16
  9279 | D:9      | Reached *** piety under Nemelex Xobeh
  9297 | D:9      | Noticed Joseph
  9313 | D:9      | Killed Joseph
  9431 | D:9      | Reached skill level 11 in Polearms
  9700 | D:9      | Found a stormy altar of Qazlal.
  9715 | D:9      | Received a gift from Nemelex Xobeh
  9838 | D:9      | Noticed Maggie
  9846 | D:9      | Killed Maggie
 10084 | D:10     | Entered Level 10 of the Dungeon
 10103 | D:10     | Received a gift from Nemelex Xobeh
 10254 | D:10     | Reached skill level 1 in Dodging
 10286 | D:10     | Noticed a two-headed ogre
 10315 | D:10     | Noticed a shining eye
 10315 | D:10     | a two-headed ogre changed into a shining eye
 10528 | D:10     | Reached **** piety under Nemelex Xobeh
 10600 | D:10     | Gained mutation: Your body sometimes deteriorates upon
                  | taking damage. [a shining eye]
 10604 | D:10     | Killed a shining eye
 10805 | D:10     | Found an ornate altar of the Wu Jian Council.
 11213 | D:11     | Received a gift from Nemelex Xobeh
 11236 | D:11     | Reached skill level 5 in Armour
 11349 | D:11     | Identified the +1 scale mail "Paozuet" {Harm +Inv rN+}
 11392 | D:11     | Noticed a five-headed hydra
 11417 | D:11     | Killed a five-headed hydra
 11820 | Lair:1   | Entered Level 1 of the Lair of Beasts
 12019 | Lair:1   | Received a gift from Nemelex Xobeh
 12130 | Lair:1   | Gained mutation: You are partially covered in yellow
                  | scales. (AC +2) [demonic ancestry]
 12130 | Lair:1   | Reached XP level 12. HP: 62/97 MP: 19/19
 12383 | Lair:1   | Found a transporter.
 12384 | Lair:1   | Found a bloodstained altar of Trog.
 12384 | Lair:1   | Noticed Ajdolov's ghost (novice FeEn)
 12392 | Lair:1   | Found a transporter.
 12441 | Lair:1   | Reached ***** piety under Nemelex Xobeh
 12971 | Lair:1   | Mangled by a spriggan rider

Illustrated notes

. ##)##........####
#.(.#..#........##
#(..##.####......#
#...##.###......#
.#####..##....#.
........#...###
..#.##......## # #
##.....##..##.#....
#...####..@.......
#..# ##....#....
.... ....### .
.#... .....##
###....K..## #.#...
# ##.. ###


Turn 3956 on D:4: 1st

Levels and vault maps discovered:
D:1:      dpeg_arrival_subterranean_lakeside_camping, layout_basic,
          minmay_heptomino_h4
D:2:      minmay_door_path, layout_basic
D:3:      layout_basic, nicolae_dithmenos_through_a_glass_darkly,
          mainiacjoe_overflow_alcove_4, basic_ecumenical_altar, serial_shops,
          shop, minmay_starry_boxes, uniq_terence
D:4:      layout_cave_pools, minmay_ogre_servants
D:5:      layout_basic, nicolae_ru_path_of_blood, lemuel_crystal_altar,
          gup_sewer_entry_pipe
D:6:      layout_basic, nemelex_spade_bored_becter
D:7:      layout_basic, minmay_temple_entry_stoned_glass, serial_shops,
          nicolae_shop_trees
D:8:      layout_layer_cave, mainiacjoe_overflow_small_starburst,
          minmay_lair_entry_grove, enter_bailey_2, uniq_pikel
D:9:      layout_long_grid, nicolae_qazlal_style_of_elements, uniq_joseph,
          uniq_maggie
D:10:     layout_loops_ring, mainiacjoe_overflow_tiny_flanked, nicolae_sextant
D:11:     layout_loops_ring
Lair:1:   layout_small_grid, gammafunk_ghost_wrathful_warriors

Skill      XL: |  1  2  3  4  5  6  7  8  9 10 11 |
---------------+----------------------------------+-----
Fighting       | 2 3 4 5 6 7 8 9 |  9.7
Stealth        | 2 |  2.8
Polearms       | 2 3 4 5 7 9 10 11 | 11.8
Evocations     | 2 4 5 |  5.0
Invocations    | 2 5 7 9 |  9.8
Armour         | 3 5 |  5.4
Dodging        | 2 |  2.7
Axes           | |  2.6
Shields        | |  1.0
Unarmed Combat | |  1.0

Action                   |  1- 3 |  4- 6 |  7- 9 | 10-12 || total
-------------------------+-------+-------+-------+-------++-------
Melee: Hand axe          |    76 |       |       |       ||    76
       Spear             |       |    86 |   217 |   384 ||   687
       Tailslap          |       |       |    12 |    42 ||    54
 Fire: Hunting sling     |     2 |       |       |       ||     2
Throw: Dart              |       |    20 |     7 |    11 ||    38
       Throwing net      |       |       |       |     4 ||     4
Invok: Draw Summoning    |       |       |     3 |     2 ||     5
       Draw Destruction  |       |       |     2 |    10 ||    12
       Draw Escape       |       |       |       |     2 ||     2
Evoke: Wand              |       |       |     1 |     2 ||     3
  Use: Scroll            |       |    10 |     4 |     9 ||    23
 Stab: Sleeping          |     6 |     2 |     6 |    15 ||    29
       Distracted        |       |     1 |     2 |     2 ||     5
       Petrifying        |       |       |     1 |       ||     1
       Held in net/web   |       |       |       |     1 ||     1
Armor: Robe              |     4 |       |       |       ||     4
       Ring mail         |    14 |     1 |     1 |     1 ||    17
       Scale mail        |       |     3 |    11 |       ||    14
       Troll leather arm |       |       |     5 |       ||     5
       Shadow dragon sca |       |       |       |    68 ||    68
Dodge: Dodged            |    27 |     5 |    26 |    46 ||   104
Block: Buckler           |    14 |     9 |    53 |    50 ||   126
       Orb               |       |     2 |       |       ||     2
       Reflection        |       |     1 |     6 |       ||     7

Table legend: (Time is in decaauts)
 A = Elapsed time spent in this place.
 B = Non-inter-level travel time spent in this place.
 C = Inter-level travel time spent in this place.
 D = Time resting spent in this place.
 E = Time spent auto-exploring this place.
 F = Levels seen in this place.
 G = Mean time per level.
                   A        B        C        D        E       F      G
               +--------+--------+--------+--------+--------+-----+--------+
         Total |  12814 |  12209 |    605 |    320 |   9448 |  14 |  915.3 |
       Dungeon |  10992 |  10429 |    563 |    320 |   8040 |  11 |  999.3 |
          Lair |   1138 |   1097 |     41 |      0 |   1009 |   1 | 1138.0 |
         Sewer |    175 |    175 |      0 |      0 |    125 |   1 |  175.0 |
        Bailey |    508 |    508 |      0 |      0 |    273 |   1 |  508.0 |
               +--------+--------+--------+--------+--------+-----+--------+

Top non-repeatable levels by time:
     D:1: 1372 daAuts
     D:3: 1325 daAuts
     D:9: 1189 daAuts
     D:8: 1184 daAuts
  Lair:1: 1138 daAuts
     D:6: 1085 daAuts
     D:2: 1022 daAuts
    D:10: 1002 daAuts
     D:5: 933 daAuts
     D:4: 638 daAuts
    D:11: 620 daAuts
     D:7: 618 daAuts
  Bailey: 508 daAuts
   Sewer: 175 daAuts
